 Dungeon Crawl Stone Soup version 0.30.0-29-ga12c61a403 (webtiles) character file.

Game seed: 14352532990417552149

3866 seaoflcl the Basher (level 9, -3/74 HPs)
             Began as a Minotaur Berserker on June 4, 2023.
             Was a High Priest of Trog.
             Slain by an orc warrior
             ... wielding a +0 war axe
              (10 damage)
             ... in a bailey.
             The game lasted 00:18:34 (7366 turns).

seaoflcl the Basher (Minotaur Berserker)            Turns: 7366, Time: 00:18:35

Health: -3/74      AC: 11    Str: 26    XL:     9   Next: 99%
Magic:  8/8        EV:  7    Int:  4    God:    Trog [*****.]
Gold:   585        SH: 12    Dex: 10    Spells: 8/8 levels left

rFire   + . .        x - +3 mace
rCold   x . .        y - +0 tower shield
rNeg    . . .        t - +0 chain mail
rPois   .            (helmet restricted)
rElec   .            i - scarf {+Inv}
rCorr   .            (no gloves)
SInv    .            F - +0 pair of boots
Will    +....        (no amulet) Stlth
                     h - ring of fire
HPRegen 0.32/turn    s - ring of willpower
MPRegen 0.11/turn

%: no passive effects
@: on berserk cooldown, slowed, very slow
A: horns 2, retaliatory headbutt
a: Renounce Religion, Evoke Invisibility, Berserk, Trog's Hand, Brothers in Arms


You were in a bailey.
You worshipped Trog.
Trog was extremely pleased with you.
You visited 2 branches of the dungeon, and saw 9 of its levels.
You also visited: Bailey.

You collected 585 gold pieces.

Inventory:

Hand Weapons
 a - a +0 hand axe
 g - a +1 hand axe of electrocution
 x - a +3 mace (weapon)
 G - the +1 falchion of the Shimmering Sybil {speed, rN++ Dex+3}
   (You found it on level 6 of the Dungeon)

   Dex:       It affects your dexterity (+3).
   rN:        It greatly protects you from negative energy.
Missiles
 n - 2 javelins (quivered)
 o - 7 boomerangs
 D - 5 atropa-tipped darts
Armour
 b - a +0 animal skin
 i - a scarf of invisibility (worn)
 t - a +0 chain mail (worn)
 y - a +0 tower shield (worn)
 F - a +0 pair of boots (worn)
Jewellery
 h - a ring of fire (left hand)
 j - a ring of positive energy
 s - a ring of willpower (right hand)
 B - a ring of wizardry
Wands
 k - a wand of polymorph (11)
 l - a wand of iceblast (6)
Scrolls
 e - 3 scrolls of teleportation
 m - 3 scrolls of immolation
 u - 3 scrolls of enchant weapon
 w - a scroll of brand weapon
 A - a scroll of noise
 C - a scroll of enchant armour
 E - a scroll of fear {unknown}
 H - a scroll of vulnerability {unknown}
 I - a scroll of poison {unknown}
 J - a scroll of acquirement {unknown}
 K - a scroll of butterflies {unknown}
 L - 2 scrolls of fog {unknown}
Potions
 d - a potion of attraction
 p - a potion of resistance
 q - a potion of degeneration
 r - 2 potions of mutation
 v - a potion of brilliance
 z - a potion of magic


   Skills:
 - Level 5.5 Fighting
 - Level 6.5(10.6) Axes
 * Level 13.0(13.6) Maces & Flails
 - Level 6.3 Armour
 - Level 3.9 Dodging
 - Level 0.2 Stealth
 - Level 4.6 Shields


You had 8 spell levels left.
You didn't know any spells.
Your spell library was empty.

Dungeon Overview and Level Annotations

Branches:
Dungeon (8/15)             Temple (1/1) D:6          Bailey (1/1)
   Lair: D:8-11

Altars:
Dithmenos
Fedhas
Makhleb
Okawaru
Sif Muna
Vehumet

Shops:
D:3 (:   D:8 [

Annotations:
D:8 1 transporter, Licon's ghost, novice DgFi


Innate Abilities, Weirdness & Mutations

You have a pair of horns on your head.
You reflexively headbutt those who attack you in melee.


Message History

The orc warrior is moderately wounded.
The orc warrior hits you with a +0 war axe!
* * * LOW HITPOINT WARNING * * *
The kobold brigand hits you with a +0 war axe.
* * * LOW HITPOINT WARNING * * *
You hit the orc warrior but do no damage.
You headbutt the orc warrior.
The orc warrior is moderately wounded.
You block the orc warrior's attack. You block the kobold brigand's attack.
The orc warrior hits you but does no damage.
You feel better. The kobold brigand closely misses you.
You furiously retaliate!
You headbutt the kobold brigand! You block the orc warrior's attack.
The kobold brigand hits you with a +0 war axe!
* * * LOW HITPOINT WARNING * * *
You closely miss the orc warrior.
The orc warrior is moderately wounded.
The orc warrior completely misses you.
The kobold brigand hits you but does no damage.
You sock the orc warrior!
The orc warrior is severely wounded.
You block the orc warrior's attack. You block the kobold brigand's attack.
The orc warrior hits you but does no damage.
You hit the orc warrior.
You headbutt the orc warrior, but do no damage.
The orc warrior is almost dead.
The kobold brigand barely misses you. You block the orc warrior's attack.
You block the kobold brigand's attack.
You hit the orc warrior.
The orc warrior is almost dead.
You block the orc warrior's attack.
The kobold brigand hits you with a +0 war axe!
* * * LOW HITPOINT WARNING * * *
You closely miss the orc warrior.
You headbutt the orc warrior, but do no damage.
The orc warrior is almost dead.
You block the orc warrior's attack.
The kobold brigand hits you but does no damage.
The orc warrior hits you with a +0 war axe!
You die...

#...((..#
##..∩..##
##'''## #...#
#.)(# #.()#
####.(.####
##~.......~##
#~~...@...~~#
..~~...oK..~~..
##~~.......~~##
..~~.......~~..
##~~.......~~##
..~~.......~~..
##~~.......~~##
.~~.......~~.


You could see an orc warrior and a kobold brigand.

Vanquished Creatures
  A steam dragon (D:7)
  3 water moccasins
  3 orc warriors (D:8)
  2 black bears
  6 ice beasts
  A sky beast (D:4)
  2 centaurs (D:6)
  3 phantoms (D:6)
  4 kobold brigands
  4 bullfrogs
  A scorpion (D:6)
  6 howler monkeys
  10 orc priests
  3 hounds
  2 jellies (D:2)
  4 iguanas
  4 sleepcaps
  9 orc wizards
  9 adders
  A shadow imp (D:6)
  2 white imps
  An ufetubus (D:7)
  2 dart slugs
  25 orcs
  4 ball pythons
  12 endoplasms
  7 giant cockroaches
  4 goblins
  8 hobgoblins
  2 quokkas
  6 bats
  A frilled lizard (D:2)
  29 kobolds
  4 rats
185 creatures vanquished.

Vanquished Creatures (others)
  A kobold (D:7)
1 creature vanquished.

Grand Total: 186 creatures vanquished

Notes
Turn   | Place    | Note
-------+----------+-------------------------------------------
     0 | D:1      | seaoflcl the Minotaur Berserker began the quest for the
                  | Orb.
     0 | D:1      | Reached XP level 1. HP: 19/19 MP: 0/0
   351 | D:1      | Reached XP level 2. HP: 27/27 MP: 1/1
   904 | D:2      | Reached XP level 3. HP: 33/33 MP: 2/2
  1494 | D:2      | Reached ** piety under Trog
  1533 | D:2      | Reached XP level 4. HP: 40/40 MP: 3/3
  1547 | D:2      | Reached skill level 5 in Axes
  1880 | D:3      | Found Beocosiq's Antique Weapon Emporium.
  1954 | D:3      | Reached XP level 5. HP: 47/47 MP: 4/4
  1996 | D:3      | Found a faded altar of an unknown god.
  2424 | D:3      | Found Vupsube's Book Shoppe.
  2841 | D:4      | Noticed a sky beast
  2852 | D:4      | Killed a sky beast
  2853 | D:4      | Reached XP level 6. HP: 53/53 MP: 5/5
  3250 | D:4      | Found a shadowy altar of Dithmenos.
  3451 | D:4      | Found a shimmering blue altar of Sif Muna.
  3938 | D:5      | Entered Level 5 of the Dungeon
  4120 | D:5      | Found an iron altar of Okawaru.
  4127 | D:5      | Reached skill level 1 in Shields
  4148 | D:5      | Reached *** piety under Trog
  4149 | D:5      | Reached skill level 5 in Fighting
  4149 | D:5      | Reached skill level 1 in Maces & Flails
  4149 | D:5      | Reached skill level 5 in Armour
  4149 | D:5      | Reached XP level 7. HP: 58/61 MP: 6/6
  4255 | D:5      | Found a radiant altar of Vehumet.
  4450 | D:5      | Reached skill level 2 in Maces & Flails
  4615 | D:5      | Found a blossoming altar of Fedhas.
  4824 | D:6      | Reached skill level 3 in Maces & Flails
  4912 | D:6      | Reached XP level 8. HP: 54/68 MP: 7/7
  5015 | D:6      | Reached skill level 4 in Maces & Flails
  5101 | D:6      | Identified the +1 falchion of the Shimmering Sybil {speed,
                  | rN++ Dex+3}
  5345 | D:6      | Reached skill level 5 in Maces & Flails
  5427 | D:6      | Reached skill level 6 in Maces & Flails
  5431 | D:6      | Found a staircase to the Ecumenical Temple.
  5674 | D:6      | Reached skill level 7 in Maces & Flails
  5959 | D:7      | Reached skill level 8 in Maces & Flails
  5978 | D:6      | Reached XP level 9. HP: 32/74 MP: 8/8
  6129 | Temple   | Entered the Ecumenical Temple
  6178 | D:7      | Reached skill level 9 in Maces & Flails
  6466 | D:7      | Reached **** piety under Trog
  6467 | D:7      | Reached skill level 10 in Maces & Flails
  6991 | D:8      | Found a transporter.
  6991 | D:8      | Noticed Licon's ghost (novice DgFi)
  6992 | D:8      | Noticed a troll
  7004 | D:8      | Found Saops's Antique Armour Boutique.
  7009 | D:8      | Reached skill level 11 in Maces & Flails
  7020 | D:8      | Found a burning altar of Makhleb.
  7020 | D:8      | Noticed a balrug
  7139 | D:8      | Reached skill level 12 in Maces & Flails
  7200 | D:8      | HP: 4/111 [orc warrior/+0 battleaxe (10)]
  7261 | D:8      | Found a flagged portal.
  7270 | Bailey   | Entered a bailey
  7347 | Bailey   | Reached ***** piety under Trog
  7348 | Bailey   | Reached skill level 13 in Maces & Flails
  7366 | Bailey   | Slain by an orc warrior

Illustrated notes

Levels and vault maps discovered:
D:1:      psy_arrival_statuary, layout_basic, palyth_stone_intersect
D:2:      cheibrodos_fertilizer, layout_basic
D:3:      layout_basic, hellmonk_ecumenical_altar_run_dry, serial_shops,
          nicolae_shop_tiny_real_fake_doors, shop
D:4:      layout_basic, mainiacjoe_overflow_alcove_4,
          mainiacjoe_overflow_alcove_1, patterned_corridor
D:5:      layout_loops_ring, kennysheep_mini, okawaru_metal_pillars_3,
          mainiacjoe_overflow_24_doors
D:6:      layout_basic, minmay_temple_entry_overgrown
D:7:      layout_cave_pools
D:8:      layout_cave_pools, makhleb_altar_promises_db,
          grunt_lair_entry_orc_guard_hut, serial_shops, shop,
          gammafunk_ghost_arena, enter_bailey_2, minmay_manual_maat
Temple:   minmay_temple_curvy_branch
Bailey:   bailey_axe_3, bailey

Skill      XL: |  1  2  3  4  5  6  7  8  9 |
---------------+----------------------------+-----
Axes           | 4 5 6 |  6.5
Fighting       | 4 5 |  5.5
Dodging        | 3 |  3.9
Armour         | 3 5 6 |  6.3
Shields        | 1 3 4 |  4.6
Maces & Flails | 1 3 8 13 | 13.0
Stealth        | |  0.2

Action                     |  1- 3 |  4- 6 |  7- 9 || total
---------------------------+-------+-------+-------++-------
  Melee: Hand axe          |    52 |    77 |       ||   129
         Headbutt          |     4 |    13 |    48 ||    65
         Mace              |       |    30 |   307 ||   337
  Throw: Javelin           |       |       |     3 ||     3
 Invoke: Berserk           |     1 |       |     8 ||     9
         Trog's Hand       |       |       |     1 ||     1
    Use: Scroll            |       |       |    15 ||    15
         Potion            |       |       |     5 ||     5
 Armour: Ring mail         |    18 |    11 |       ||    29
         Chain mail        |       |    27 |   159 ||   186
  Dodge: Dodged            |    30 |    38 |   102 ||   170
  Block: Buckler           |     2 |    11 |       ||    13
         Tower shield      |       |     9 |   200 ||   209
